 Dungeon Crawl Stone Soup version 0.27.1-1-g398f81649c (webtiles) character file.

Game seed: 7184895423701571057

49071 Borgoz the Fighter (level 14, -1/199 HPs)
             Began as a Minotaur Berserker on Sept 19, 2021.
             Was a High Priest of Trog.
             Slain by a komodo dragon (7 damage)
             ... on level 6 of the Lair of Beasts.
             The game lasted 00:22:19 (20551 turns).

Borgoz the Fighter (Minotaur Berserker)            Turns: 20551, Time: 00:22:19

Health: -1/199     AC: 24    Str: 22    XL:     14   Next: 14%
Magic:  13/13      EV: 14    Int: 10    God:    Trog [*****.]
Gold:   826        SH:  0    Dex: 15    Spells: 13/13 levels left

rFire    + . .     SeeInvis .   q - +3 scimitar
rCold    . . .     Faith    .   (no shield)
rNeg     . . .     Spirit   .   B - +3 chain mail {rF+}
rPois    .         Reflect  .   x - +2 hat
rElec    .         Harm     .   D - +0 cloak
rCorr    .         Rampage  .   i - +1 pair of gloves
Will     +....                  v - +0 pair of boots
Stlth    ..........             (no amulet)
HPRegen  0.43/turn              g - +6 ring of intelligence
MPRegen  0.13/turn              (no ring)

@: berserking (expiring), very quick
A: horns 2, retaliatory headbutt
a: Renounce Religion, Berserk, Trog's Hand, Brothers in Arms


You were on level 6 of the Lair of Beasts.
You worshipped Trog.
Trog was extremely pleased with you.
You visited 2 branches of the dungeon, and saw 14 of its levels.
You also visited: Volcano.

You collected 826 gold pieces.

Inventory:

Hand Weapons
 q - a +3 scimitar (weapon)
Armour
 i - a +1 pair of gloves (worn)
 t - a +4 ring mail of positive energy
 v - a +0 pair of boots (worn)
 x - a +2 hat (worn)
 B - a +3 chain mail of fire resistance (worn)
 D - a +0 cloak (worn)
Jewellery
 g - a +6 ring of intelligence (left hand)
 l - a +4 ring of slaying
Wands
 y - a wand of paralysis (6)
 z - a wand of flame (46)
 G - a wand of digging (5)
Scrolls
 f - 6 scrolls of enchant armour {unknown}
 h - 4 scrolls of immolation {unknown}
 j - a scroll of fear {unknown}
 k - 3 scrolls of teleportation {unknown}
 m - 2 scrolls of magic mapping
 o - 3 scrolls of torment {unknown}
 p - 2 scrolls of enchant weapon
 r - 2 scrolls of vulnerability {unknown}
 s - 3 scrolls of fog
 u - a scroll of acquirement {unknown}
 w - a scroll of blinking
 A - a scroll of summoning {unknown}
 F - a scroll of silence
Potions
 a - a potion of flight
 b - a potion of curing
 c - 2 potions of haste
 d - a potion of berserk rage
 e - 2 potions of might
 n - 4 potions of attraction
 C - a potion of magic {unknown}
 E - 6 potions of ambrosia


   Skills:
 + Level 14.7 Fighting
 + Level 14.7 Long Blades
 + Level 14.5 Armour
 + Level 13.5 Dodging


You had 13 spell levels left.
You didn't know any spells.
Your spell library was empty.

Dungeon Overview and Level Annotations

Branches:
Dungeon (8/15)             Temple (0/1) D:6            Lair (6/6) D:8
 Shoals (0/4) Lair:2       Spider (0/4) Lair:4        Slime (0/5) Lair:5
Volcano (visited)

Altars:
Kikubaaqudgha
Sif Muna
Uskayaw
Vehumet
Wu Jian

Shops:
D:1 [(   D:3 !   D:5 :

Annotations:
D:7 2 transporters, Neebert's ghost, novice MiMo


Innate Abilities, Weirdness & Mutations

You have a pair of horns on your head.
You reflexively headbutt those who attack you in melee.


Message History

* * * LOW HITPOINT WARNING * * *
You chop one of the 11-headed hydra's heads off!
The ten-headed hydra grows two more!
You slash the 12-headed hydra!
The 12-headed hydra is severely wounded.
The 12-headed hydra bites you.
* * * LOW HITPOINT WARNING * * *
The 12-headed hydra bites you but does no damage. x3
The 12-headed hydra closely misses you. x2
The 12-headed hydra completely misses you.
The 12-headed hydra bites you!
* * * LOW HITPOINT WARNING * * *
The 12-headed hydra closely misses you.
The 12-headed hydra barely misses you. x2
The 12-headed hydra bites you but does no damage.
You slice one of the 12-headed hydra's heads off!
The 11-headed hydra grows two more!
You slice the 13-headed hydra!!
The 13-headed hydra is almost dead.
The komodo dragon bites you!!
* * * LOW HITPOINT WARNING * * *
You chop one of the 13-headed hydra's heads off!
The 12-headed hydra grows two more!
You slash the 14-headed hydra!
The 14-headed hydra is almost dead.
The 14-headed hydra bites you but does no damage.
The 14-headed hydra barely misses you.
The 14-headed hydra bites you but does no damage. x2
The 14-headed hydra barely misses you. The 14-headed hydra misses you.
The 14-headed hydra completely misses you.
The 14-headed hydra bites you but does no damage.
The 14-headed hydra bites you.
* * * LOW HITPOINT WARNING * * *
The 14-headed hydra bites you.
* * * LOW HITPOINT WARNING * * *
The 14-headed hydra bites you but does no damage. x3
The 14-headed hydra barely misses you.
You are too berserk!
You hack one of the 14-headed hydra's heads off!
The 13-headed hydra grows two more!
You slash the 15-headed hydra!
You kill the 15-headed hydra!
Trog accepts your kill. The komodo dragon bites you!
You die...

.#.............### ###
.....#...##....#.##..#
###..................P
##.....P......#....#
##P##..P#...#...... ##
#.###P......... #.#
##......... ###
#......... #.@.......
##l....... .........
#......... ...##....#
....# #...# ..... ####
......


You could see a komodo dragon.

Vanquished Creatures
  Gastronok (Lair:2)
  A boulder beetle (Lair:3)
  An ogre mage (Volcano)
  12 hydras
  4 two-headed ogres (Volcano)
  5 death yaks (Lair:2)
  A hell knight (Volcano)
  A lindwurm (Lair:2)
  2 wolf spiders (Lair:4)
  A salamander (Lair:3)
  4 oklob plants (Lair:4)
  7 elephants
  2 black mambas
  Joseph (D:7)
  A torpor snail (Lair:5)
  2 molten gargoyles (Volcano)
  A rime drake (Lair:4)
  10 cane toads
  9 komodo dragons
  A queen bee (Lair:2)
  6 polar bears
  A jumping spider (Lair:4)
  A hornet (D:8)
  3 slime creatures (Lair:5)
  8 blink frogs
  4 dream sheep (Lair:2)
  2 redbacks (Lair:4)
  3 wyverns
  4 basilisks
  2 fire bats (Volcano)
  41 yaks
  A steam dragon (D:8)
  16 water moccasins
  2 sky beasts
  3 black bears
  A necrophage (D:6)
  2 ice beasts (D:6)
  4 ogres
  6 wolves
  2 phantoms
  A kobold brigand (D:7)
  A wyvern zombie (D:8)
  5 scorpions
  10 bullfrogs
  31 killer bees
  4 electric eels
  5 wights (D:7)
  2 centaur zombies
  6 lava snakes
  2 bullfrog zombies
  A bullfrog skeleton (D:7)
  A hound (D:7)
  A jelly (Lair:5)
  6 orc priests
  Jessica (D:2)
  2 iguanas
  Terence (D:2)
  A gnoll shaman (D:6)
  A scorpion zombie (D:5)
  3 orc wizards
  2 killer bee zombies (D:5)
  4 gnolls (D:6)
  7 adders
  A shadow imp (D:7)
  2 adder skeletons
  2 worms (D:4)
  2 dart slugs (D:2)
  23 orcs
  8 endoplasms
  4 giant cockroaches
  4 goblins
  8 hobgoblins
  7 jackals (D:1)
  19 kobolds
  5 quokkas
  4 ball pythons
  4 bats
  2 frilled lizards (D:3)
  7 rats
379 creatures vanquished.

Vanquished Creatures (collateral kills)
  A death yak (Lair:2)
1 creature vanquished.

Vanquished Creatures (others)
  An orc (D:8)
  16 fungi
  35 plants
52 creatures vanquished.

Grand Total: 432 creatures vanquished

Notes
Turn   | Place    | Note
-------+----------+-------------------------------------------
     0 | D:1      | Borgoz the Minotaur Berserker began the quest for the Orb.
     0 | D:1      | Reached XP level 1. HP: 19/19 MP: 0/0
   104 | D:1      | Found Xopheral's Antique Weapon Shop.
   228 | D:1      | Reached XP level 2. HP: 27/27 MP: 1/1
   298 | D:1      | Found Toczegitwi's Antique Armour Emporium.
   504 | D:1      | Reached XP level 3. HP: 29/33 MP: 2/2
   582 | D:1      | Reached ** piety under Trog
  1445 | D:2      | Noticed Jessica
  1451 | D:2      | Killed Jessica
  1452 | D:2      | Reached XP level 4. HP: 32/41 MP: 3/3
  1739 | D:2      | Noticed Terence
  1759 | D:2      | Killed Terence
  2551 | D:3      | Noticed an ogre
  2556 | D:3      | Killed an ogre
  2557 | D:3      | Reached XP level 5. HP: 47/47 MP: 4/4
  2713 | D:3      | Reached skill level 5 in Fighting
  2713 | D:3      | Reached skill level 5 in Long Blades
  2890 | D:3      | Found Gerr's Distillery.
  3065 | D:3      | Reached XP level 6. HP: 56/56 MP: 5/5
  3186 | D:3      | Found an ancient bone altar of Kikubaaqudgha.
  3854 | D:4      | Found a hide-covered altar of Uskayaw.
  4009 | D:5      | Entered Level 5 of the Dungeon
  4016 | D:5      | Reached XP level 7. HP: 59/62 MP: 6/6
  4044 | D:5      | Reached skill level 5 in Armour
  4289 | D:5      | Reached *** piety under Trog
  4473 | D:5      | Reached skill level 5 in Dodging
  4910 | D:5      | Found Saoh Poqiga's Book Shop.
  5039 | D:6      | Reached XP level 8. HP: 17/71 MP: 7/7
  5508 | D:6      | Found a staircase to the Ecumenical Temple.
  6510 | D:6      | Found a radiant altar of Vehumet.
  6614 | D:7      | Found a transporter.
  6614 | D:7      | Noticed Neebert's ghost (novice MiMo)
  6940 | D:7      | Reached XP level 9. HP: 69/81 MP: 8/8
  7017 | D:7      | HP: 3/69 [wight (4)]
  7427 | D:7      | Noticed Joseph
  7431 | D:7      | Found a transporter.
  7441 | D:7      | Killed Joseph
  8117 | D:7      | Reached **** piety under Trog
  8751 | D:8      | Reached XP level 10. HP: 52/91 MP: 9/9
  9005 | D:8      | Paralysed by a hornet for 3 turns
  9202 | D:8      | Found a staircase to the Lair.
  9832 | D:8      | Found a shimmering blue altar of Sif Muna.
  9924 | Lair:1   | Entered Level 1 of the Lair of Beasts
 10124 | Lair:1   | Noticed a cane toad
 10130 | Lair:1   | Killed a cane toad
 10131 | Lair:1   | Reached skill level 10 in Fighting
 10131 | Lair:1   | Reached skill level 10 in Long Blades
 10385 | Lair:1   | Reached skill level 10 in Armour
 10757 | Lair:1   | Noticed a black mamba
 10765 | Lair:1   | Killed a black mamba
 11483 | Lair:2   | Reached XP level 11. HP: 101/101 MP: 10/10
 11526 | Lair:2   | Found a dark tunnel.
 11526 | Lair:2   | Noticed a lindwurm
 11532 | Lair:2   | Killed a lindwurm
 11540 | Volcano  | Entered a volcano
 11812 | Volcano  | Found a radiant altar of Vehumet.
 11812 | Volcano  | Noticed a two-headed ogre
 11812 | Volcano  | Noticed a two-headed ogre
 11812 | Volcano  | Noticed an ogre mage
 11812 | Volcano  | Noticed a two-headed ogre
 11816 | Volcano  | Killed a two-headed ogre
 11817 | Volcano  | Reached skill level 10 in Dodging
 11818 | Volcano  | Killed a two-headed ogre
 11825 | Volcano  | Killed an ogre mage
 11830 | Volcano  | Killed a two-headed ogre
 11854 | Volcano  | Noticed a two-headed ogre
 11858 | Volcano  | Killed a two-headed ogre
 12045 | Volcano  | Noticed a hell knight
 12057 | Volcano  | Killed a hell knight
 12527 | Lair:2   | Noticed Gastronok
 12748 | Lair:2   | Killed Gastronok
 12749 | Lair:2   | Reached XP level 12. HP: 112/112 MP: 11/11
 12797 | Lair:2   | Found a staircase to the Shoals.
 12824 | Lair:2   | Noticed a five-headed hydra
 12840 | Lair:2   | Killed a five-headed hydra
 13167 | Lair:2   | Noticed a death yak
 13167 | Lair:2   | Noticed a death yak
 13167 | Lair:2   | Noticed a death yak
 13168 | Lair:2   | Noticed a death yak
 13172 | Lair:2   | Noticed a death yak
 13173 | Lair:2   | Noticed a death yak
 13179 | Lair:2   | Killed a death yak
 13193 | Lair:2   | Killed a death yak
 13196 | Lair:2   | Killed a death yak
 13197 | Lair:2   | Killed a death yak
 13199 | Lair:2   | Killed a death yak
 13205 | Lair:2   | Killed a death yak
 14054 | Lair:3   | Found a hide-covered altar of Uskayaw.
 14054 | Lair:3   | Noticed a boulder beetle
 14055 | Lair:3   | Found an ornate altar of the Wu Jian Council.
 14117 | Lair:3   | Killed a boulder beetle
 15240 | Lair:3   | Noticed an eight-headed hydra
 15247 | Lair:3   | Killed an eight-headed hydra
 15520 | Lair:4   | Noticed a six-headed hydra
 15532 | Lair:3   | Killed a six-headed hydra
 15533 | Lair:3   | Reached XP level 13. HP: 57/122 MP: 12/12
 17758 | Lair:4   | Found a hole to the Spider Nest.
 18523 | Lair:5   | Found a staircase to the Slime Pits.
 18582 | Lair:5   | Reached ***** piety under Trog
 18899 | Lair:5   | Found a runed translucent door.
 19949 | Lair:6   | Entered Level 6 of the Lair of Beasts
 20046 | Lair:5   | Reached XP level 14. HP: 133/133 MP: 13/13
 20550 | Lair:6   | HP: 6/199 [14-headed hydra (6)]
 20551 | Lair:6   | Slain by a komodo dragon

Illustrated notes

Levels and vault maps discovered:
D:1:      shiori_arrival_oz, layout_basic, serial_shops, nicolae_shop_crystal,
          shop
D:2:      layout_basic, serial_bayou_pond_e, uniq_terence, uniq_jessica
D:3:      layout_basic, mainiacjoe_overflow_alcove_4, serial_shops, shop
D:4:      layout_rooms, nicolae_overflow_crystal_walls
D:5:      layout_loops_ring, serial_shops, nicolae_stop_n_shop_2,
          chequers_serial_rivers_micro_d, hangedman_decor_lopped
D:6:      layout_loops_ring, kennysheep_mini_moat,
          minmay_temple_entry_mini_moons, chequers_serial_rivers_small_3,
          serial_bayou_lagoon_b
D:7:      layout_gridville, gammafunk_ghost_mausoleum, uniq_joseph
D:8:      layout_rooms, led_sif_pool, david_lair_shrubbed, minivault_11,
          kennysheep_generic_room_4
Lair:1:   layout_concentric_octagons, eino_small_chamber_without_monster,
          grunt_megastairs_1
Lair:2:   layout_loops_ring, elwin_shoals_entry_rocks,
          nicolae_volcano_entry_vermiform, special_room [special_room_bee],
          nicolae_lair_grove_arrangements, serial_bayou_shore_b, uniq_gastronok
Lair:3:   layout_gridlike, chequers_serial_rivers_large_b, minivault_27,
          nzn_masters_of_martial_movement
Lair:4:   layout_cellular_growth, spider_nest_entry_funnel_web,
          minmay_lair_oklob_chamber, infiniplex_staircase_pool_2,
          grunt_megastairs_4
Lair:5:   layout_cave_pods, minmay_slime_entry_pillars, pf_torpor_hydra,
          lemuel_fruit_tree, grunt_megastairs_2
Lair:6:   gammafunk_lair_ancient_temple, layout_cave_pods, serial_rivers,
          chequers_serial_rivers_small_b, chequers_serial_rivers_small_a,
          chequers_serial_rivers_room_a, chequers_serial_rivers_room_b,
          st_stairs_3

Skill      XL: |  1  2  3  4  5  6  7  8  9 10 11 12 13 |
---------------+----------------------------------------+-----
Fighting       | 4 5 6 8 9 10 12 13 14 | 14.7
Long Blades    | 4 5 6 7 9 10 12 13 14 | 14.7
Armour         | 3 4 6 7 8 10 12 13 14 | 14.5
Dodging        | 3 4 5 6 8 9 11 12 13 | 13.5

Action                   |  1- 3 |  4- 6 |  7- 9 | 10-12 | 13-15 || total
-------------------------+-------+-------+-------+-------+-------++-------
Melee: Falchion          |    79 |   117 |   190 |       |       ||   386
       Headbutt          |    15 |    24 |    71 |   115 |   125 ||   350
       Scimitar          |       |       |    63 |   384 |   373 ||   820
Invok: Trog's Hand       |     1 |     1 |     2 |    11 |     1 ||    16
       Berserk           |       |     1 |     4 |    13 |    11 ||    29
       Brothers in Arms  |       |       |       |     1 |       ||     1
Evoke: Wand              |       |       |     3 |    29 |    19 ||    51
  Use: Scroll            |       |     4 |     2 |     6 |     4 ||    16
       Potion            |       |       |     2 |     4 |     2 ||     8
 Stab: Sleeping          |     1 |       |       |       |       ||     1
       Distracted        |       |       |       |     2 |       ||     2
       Paralysed         |       |       |       |       |     6 ||     6
       Invisible         |       |       |       |       |     2 ||     2
Armor: Animal skin       |    20 |       |       |       |       ||    20
       Scale mail        |       |    34 |    98 |    62 |       ||   194
       Chain mail        |       |       |       |   128 |   320 ||   448
Dodge: Dodged            |    59 |    53 |   165 |   239 |   322 ||   838
       Rpst.: Falchion   |    11 |    22 |    27 |       |       ||    60
       Scimitar          |       |       |    12 |    66 |    67 ||   145
